Map: Discordance EC

Players

OpBix - Winner!

  • Race: Zerg Zerg
  • League: Diamond
  • Spawn Location: 1:00

Sorandom

  • Race: Zerg Zerg
  • League: Diamond
  • Spawn Location: 7:00

VOD

Have the link to the VOD?

Description

Time

  • Played on: April 4, 2019, 4:40 p.m.
  • Length: 2:53
Show
View Real Time Build Order
Export as new Build Order

OpBix Zerg - Winner!

Build Orders: Pool First 

Get SALT Encoding   

  12  0:00  Drone  
  13  0:12  Overlord  
  13  0:16  Drone  
  14  0:30  Drone x2  
  14  0:34  Drone  
  17  0:46  Extractor  
  16  0:50  Spawning Pool  
  16  0:53  Drone  
  16  0:57  Drone  
  17  1:13  Drone  
  18  1:27  Hatchery  
  17  1:35  Drone  
  18  1:41  Spine Crawler  
  18  1:44  Zergling x2  
  18  1:51  Queen  
  18  1:52  Zergling x2  
  22  2:08  Baneling Nest  
  22  2:09  Zergling x2  
  18  2:29  Zergling x4  
Show
View Real Time Build Order
Export as new Build Order

Sorandom Zerg 

Build Orders: Pool Only 

Get SALT Encoding   

  12  0:01  Drone  
  13  0:22  Spawning Pool  
  12  0:31  Drone  
  12  0:34  Overlord  
  13  0:54  Drone  
  14  1:09  Zergling x6  
  17  1:21  Zergling x2  
  18  1:31  Zergling x2  
  19  1:43  Zergling x2  
  20  2:06  Spine Crawler  
  20  2:07  Spine Crawler  
  18  2:09  Spine Crawler  
  10  2:29  Zergling x2  
Tags
 
Matchup
ZvZ
Race
Zerg
Replay Pack
Pack 2
Spawn Locations
Cross Positions
Add a new tag
Caveats
  • Supply blocks, unpowered buildings, or Contaminate may cause inaccurate times.
  • Supply counts are checked every 10 seconds.